Map: Deathaura LE

Players

LiquidClem (Clem)

  • Race: Terran Terran
  • Spawn Location: 5:00

Armani - Winner!

  • Race: Zerg Zerg
  • League: Diamond
  • Spawn Location: 11:00

Event: Cheeseadelphia Winter Championship 2021

VOD

Have the link to the VOD?

Description

Time

  • Played on: Jan. 24, 2021, 10:46 a.m.
  • Length: 6:35

All games in this series

Show
View Real Time Build Order
Export as new Build Order

LiquidClem Terran 

Build Orders: Liberator Opening, Reaper Expand 

Get SALT Encoding   

  12  0:00  SCV  
  13  0:12  SCV  
  14  0:17  Supply Depot  
  14  0:24  SCV  
  15  0:38  SCV  
  15  0:40  Barracks  
  16  0:43  Refinery  
  16  0:50  SCV  
  17  1:03  SCV  
  18  1:15  SCV  
  19  1:27  Orbital Command, Reaper  
  20  1:40  Command Center  
  20  1:48  Supply Depot  
  20  1:52  SCV  
  21  1:59  Marine  
  22  2:05  SCV  
  23  2:12  Factory  
  23  2:17  SCV  
  23  2:21  Barracks Reactor  
  24  2:29  SCV  
  25  2:41  Command Center, SCV  
  26  2:51  Orbital Command  
  26  2:53  SCV  
  27  3:05  Starport, SCV  
  27  3:07  Hellion  
  27  3:09  Hellion  
  32  3:14  Refinery  
  32  3:18  SCV x2  
  34  3:29  Hellion  
  34  3:30  SCV x2  
  34  3:31  Hellion  
  40  3:42  SCV x2  
  40  3:48  Liberator  
  45  3:53  Hellion x2  
  45  3:54  Barracks Tech Lab  
  49  3:55  SCV  
  49  3:56  Orbital Command, SCV  
  49  4:00  Supply Depot  
  51  4:07  SCV  
  51  4:09  SCV  
  53  4:11  Barracks  
  53  4:15  Barracks, Marine  
  54  4:20  SCV  
  54  4:22  Factory Tech Lab, SCV  
  56  4:25  Supply Depot  
  56  4:26  Stimpack  
  56  4:30  Refinery  
  56  4:32  SCV  
  56  4:33  Starport Reactor, Marine  
  56  4:36  Refinery, SCV  
  56  4:38  SCV  
  60  4:45  Engineering Bay  
  60  4:46  SCV  
  60  4:47  Engineering Bay  
  60  4:48  SCV  
  60  4:50  SCV  
  63  4:53  Siege Tank  
  63  4:55  Marine  
  63  4:59  SCV  
  68  5:00  SCV  
  68  5:05  Supply Depot  
  68  5:06  Marine x2  
  71  5:07  SCV  
  72  5:14  Marine  
  72  5:16  Starport Reactor  
  72  5:17  Supply Depot, Marine  
  72  5:20  Marine  
  72  5:21  SCV x2  
  77  5:28  Marine x2  
  78  5:30  Orbital Command  
  78  5:31  Siege Tank  
  78  5:32  Marine  
  78  5:35  SCV  
  74  5:36  Supply Depot  
  74  5:37  Marine  
  74  5:38  Marine  
  74  5:46  Marine  
  74  5:47  Marine  
  74  5:48  Bunker  
  75  5:50  Marine  
  75  5:54  Medivac x2  
  75  5:55  Marine x2  
  82  6:03  Marine  
  83  6:05  Engineering Bay  
  85  6:12  Marine  
  85  6:15  Marine  
  64  6:18  SCV  
  64  6:19  SCV  
Show
View Real Time Build Order
Export as new Build Order

Armani Zerg - Winner!

Build Orders: Hatch First 

Get SALT Encoding   

  12  0:00  Drone  
  13  0:13  Overlord  
  13  0:18  Drone  
  14  0:31  Drone  
  14  0:32  Drone  
  16  0:35  Drone  
  17  0:51  Hatchery  
  17  0:55  Drone  
  17  0:59  Drone  
  17  1:03  Extractor  
  17  1:13  Spawning Pool  
  17  1:16  Drone  
  17  1:19  Drone  
  18  1:30  Drone  
  20  1:40  Drone  
  20  1:51  Drone  
  21  2:02  Queen  
  21  2:03  Queen  
  21  2:04  Zergling x4  
  27  2:15  Hatchery  
  27  2:21  Overlord  
  26  2:26  Metabolic Boost  
  26  2:28  Drone  
  27  2:31  Drone  
  28  2:42  Drone  
  29  2:44  Queen  
  29  2:47  Drone x2  
  33  2:53  Overlord  
  33  2:55  Drone  
  34  3:00  Drone  
  34  3:02  Drone  
  36  3:12  Drone x2  
  38  3:14  Drone x3  
  41  3:20  Queen  
  41  3:24  Overlord  
  41  3:25  Drone  
  44  3:30  Drone x2  
  46  3:34  Queen  
  46  3:39  Drone x2  
  46  3:40  Overlord  
  50  3:42  Overlord  
  50  3:45  Drone  
  50  3:46  Drone  
  52  3:50  Drone  
  52  3:52  Drone x2  
  52  3:54  Drone  
  52  3:55  Extractor  
  55  4:00  Roach Warren  
  54  4:03  Extractor, Drone x2  
  54  4:04  Drone  
  54  4:09  Zergling x2  
  57  4:15  Zergling x4  
  57  4:16  Overlord  
  59  4:18  Overlord  
  59  4:36  Spore Crawler  
  58  4:42  Roach x4  
  58  4:43  Roach x7  
  58  4:45  Overlord  
  80  4:47  Overlord  
  80  4:53  Zergling x2  
  80  4:54  Zergling x2  
  82  5:14  Zergling x18  
  82  5:19  Ravager x5  
  92  5:25  Zergling x6  
  76  5:35  Ravager  
  76  5:41  Zergling x14  
  83  5:48  Ravager  
  83  5:49  Overlord  
  84  6:03  Zergling x14  
Tags
 
Add a new tag
Caveats
  • Supply blocks, unpowered buildings, or Contaminate may cause inaccurate times.
  • Supply counts are checked every 10 seconds.